 Dungeon Crawl Stone Soup version 0.32-a0-136-gc02482bde3 (webtiles) character file.

Game seed: 17376084735138904127

50 Ceno the Changeling (level 3, -3/15 HPs)
             Began as an Octopode Shapeshifter on Feb 10, 2024.
             Slain by Natasha (4 damage)
             ... on level 2 of the Dungeon.
             The game lasted 00:01:41 (665 turns).

Ceno the Changeling (Octopode Shapeshifter)          Turns: 665, Time: 00:01:42

Health: -3/15      AC:  1    Str: 15    XL:     3   Next: 79%
Magic:  3/3        EV: 17    Int: 12    God:
Gold:   86         SH:  0    Dex: 11    Spells: 2/2 levels left

rFire   . .          .
                       - Unarmed
rCold   . . .        (shield currently unavailable)
rNeg    . . .        (helmet restricted)
rPois   .            (no amulet)
rElec   .            (no ring)
rCorr   .            (no ring)
SInv    .            (no ring)
Will    .....        (no ring)
Stlth   +            (no ring)
HPRegen 0.22/turn    (no ring)
MPRegen 0.08/turn    (no ring)
                     (no ring)

%: no passive effects
@: flux-form, glowing
A: glow, contaminating, reduced hp, almost no armour, amphibious, 8 rings,
camouflage 1, gelatinous body 1, (nimble swimmer 1), tentacles
a: Begin Untransformation


You were on level 2 of the Dungeon.
You were something dangerously unstable.
You visited 1 branch of the dungeon, and saw 2 of its levels.

You collected 86 gold pieces.

Inventory:

Missiles
 f - 3 atropa-tipped darts (quivered)
 g - 12 stones
Talismans
 b - a beast talisman
 c - a flux talisman (active)
Scrolls
 j - a scroll of immolation {unknown}
Potions
 a - a potion of lignification
 d - a potion of heal wounds {unknown}
 e - 2 potions of attraction {unknown}
 h - a potion of curing {unknown}
 i - a potion of invisibility {unknown}


   Skills:
 + Level 1.7 Fighting
 - Level 2.0 Dodging
 + Level 1.9 Stealth
 + Level 3.3 Unarmed Combat
 * Level 3.6 Shapeshifting


You had 2 spell levels left.
You didn't know any spells.
Your spell library was empty.

Dungeon Overview and Level Annotations

Branches:
Dungeon (2/15)

Altars:

Annotations:
D:2 Natasha


Innate Abilities, Weirdness & Mutations

You are something dangerously unstable.
You glow with magical radiation, making you easy to see and hit.
Foes you strike become dangerously contaminated with magical radiation.
Your maximum health is decreased, since you lack skill for your form.
You are incapable of wielding weapons or throwing items.
You cannot wear most types of armour.
You are amphibious.
You can wear up to eight rings at the same time.
Your skin changes colour to match your surroundings (Stealth+).
Your rubbery body absorbs attacks. (AC +1, EV +1)
((You are camouflaged when in or above water. (Stealth+)))
You have tentacles for arms and can constrict up to eight enemies at once.


Message History

You now have 77 gold pieces (gained 14).
Natasha, Servant of Life and Death comes into view.
Found 9 gold pieces.
Natasha is nearby!
Natasha hisses angrily.
Found a stone staircase leading down.
Natasha claws you!
Ouch! That really hurt!
You tentacle-slap Natasha.
Natasha begins to glow.
Your grab misses Natasha.
Natasha is lightly wounded.
Natasha closely misses you.
You tentacle-slap Natasha.
Natasha glows dangerously bright.
You grab Natasha. You squeeze Natasha, but do no damage.
Natasha is heavily wounded.
You constrict Natasha. Natasha casts a spell at you.
You resist with significant effort.
You tentacle-slap Natasha.
Natasha shudders as magic cascades through her.
You kill Natasha!
Natasha screams in fury as she dies!
You see here the felid corpse of Natasha.
You now have 86 gold pieces (gained 9).
Natasha, Servant of Life and Death comes into view.
Natasha is nearby!
You start resting.
Natasha is nearby!
An endoplasm comes into view.
Natasha stares at you and mumbles some strange words.
The magic dart hits you.
* * * LOW HITPOINT WARNING * * *
Found a leather armour.
The endoplasm quivers.
Natasha casts a spell at you. The magic dart hits you.
* * * LOW HITPOINT WARNING * * *
You closely miss Natasha. You grab Natasha. You squeeze Natasha.
Natasha is lightly wounded.
You constrict Natasha. Natasha claws you.
You die...
Natasha curls up and begins to purr.

#.# #.# #.# #.####
#######....#### ##
#.............. .[##
#.#####.....## .J...
####.### #.#.#.###......
.......###......ph......
####....##...†.###......
###...............>....
##..#....#.....#.#.###.#
...###...##...##.# #
.#..#....###.## .#
.#<..........# ..
.#.......##### ..
.........# ...


You could see Natasha and an endoplasm.

Vanquished Creatures
  Natasha (D:2)
  A dart slug (D:1)
  A giant cockroach (D:1)
  4 goblins (D:1)
  5 hobgoblins (D:1)
  A quokka (D:1)
  4 ball pythons (D:1)
  3 bats (D:1)
  A frilled lizard (D:1)
  3 kobolds (D:1)
  2 rats (D:1)
26 creatures vanquished.

Notes
Turn   | Place    | Note
-------+----------+-------------------------------------------
     0 | D:1      | Ceno the Octopode Shapeshifter began the quest for the Orb.
     0 | D:1      | Reached XP level 1. HP: 13/13 MP: 1/1
    76 | D:1      | Reached XP level 2. HP: 5/18 MP: 2/2
   116 | D:1      | Reached skill level 1 in Stealth
   353 | D:1      | Reached XP level 3. HP: 14/23 MP: 3/3
   402 | D:1      | Found a faded altar of an unknown god.
   649 | D:2      | Noticed Natasha
   656 | D:2      | Killed Natasha
   659 | D:2      | Noticed Natasha
   665 | D:2      | Slain by Natasha

Illustrated notes

Levels and vault maps discovered:
D:1:      matt_arrival_los_fun, layout_rooms, basic_ecumenical_altar,
          minivault_11
D:2:      layout_loops_ring, uniq_natasha

Skill      XL: |  1  2 |
---------------+-------+-----
Stealth        | 1 |  1.9
Fighting       | |  1.7
Dodging        | |  2.0
Unarmed Combat | |  3.3
Shapeshifting  | |  3.6

Action                     || total
---------------------------++-------
  Melee: Unarmed           ||    52
         Tentacles         ||    16
         Constrict         ||    17
   Stab: Sleeping          ||     1
 Armour: Skin              ||    14
  Dodge: Dodged            ||    39
   Form: Flux              ||     1

Table legend: (Time is in decaauts)
 A = Elapsed time spent in this place.
 B = Non-inter-level travel time spent in this place.
 C = Inter-level travel time spent in this place.
 D = Time resting spent in this place.
 E = Time spent auto-exploring this place.
 F = Levels seen in this place.
 G = Mean time per level.
                   A        B        C        D        E       F      G
               +--------+--------+--------+--------+--------+-----+--------+
         Total |    662 |    651 |     11 |      2 |    483 |   2 |  331.0 |
       Dungeon |    662 |    651 |     11 |      2 |    483 |   2 |  331.0 |
               +--------+--------+--------+--------+--------+-----+--------+

Top non-repeatable levels by time:
     D:1: 628 daAuts
     D:2: 33 daAuts
